 Dungeon Crawl Stone Soup version 0.29.1-1-gd02db6906a (webtiles) character file.

Game seed: 15104115476506192863

689 zagosky the Shooter (level 7, -2/59 HPs)
             Began as a Hill Orc Hunter on Sept 29, 2022.
             Shot with an arrow by a centaur (11 damage)
             ... on level 6 of the Dungeon.
             The game lasted 00:11:55 (6589 turns).

zagosky the Shooter (Hill Orc Hunter)               Turns: 6589, Time: 00:11:56

Health: -2/59      AC: 13    Str: 14    XL:     7   Next: 63%
Magic:  7/7        EV:  4    Int:  9    God:
Gold:   233        SH:  0    Dex: 16    Spells: 6/6 levels left

rFire   x . .      SeeInvis .   h - +2 spear (vorpal)
rCold   + . .      Faith    .   (no shield)
rNeg    . . .      Spirit   .   e - +0 plate armour
rPois   .          Reflect  .   (no helmet)
rElec   .          Harm     .   y - +0 cloak
rCorr   .          Rampage  .   (no gloves)
Will    .....                   (no boots)
Stlth   ..........              (no amulet)
HPRegen 0.19/turn               r - ring of ice
MPRegen 0.10/turn               (no ring)

@: no status effects
A: no striking features
a: no special abilities


You were on level 6 of the Dungeon.
You visited 2 branches of the dungeon, and saw 7 of its levels.

You collected 281 gold pieces.
You spent 48 gold pieces at shops.

Inventory:

Hand Weapons
 a - a +1 shortbow
 h - a +2 vorpal spear (weapon)
Armour
 e - a +0 plate armour (worn)
 y - a +0 cloak (worn)
Jewellery
 r - a ring of ice (left hand)
Wands
 j - a wand of polymorph (10)
 q - a wand of digging (5)
Scrolls
 b - a scroll of immolation
 g - 3 scrolls of teleportation
 p - a scroll of magic mapping
 x - a scroll of silence {unknown}
Potions
 d - 2 potions of curing
 f - a potion of degeneration {unknown}
 i - a potion of magic
 k - a potion of brilliance {unknown}
 l - a potion of attraction {unknown}
 m - a potion of invisibility {unknown}
 n - a potion of resistance {unknown}
 o - a potion of might {unknown}
 t - a potion of lignification {unknown}
 u - a potion of flight {unknown}
 v - a potion of cancellation {unknown}
 w - a potion of heal wounds {unknown}


   Skills:
 + Level 4.0 Fighting
 + Level 2.9 Polearms
 + Level 6.3 Ranged Weapons
 + Level 4.1 Armour
 + Level 1.5 Dodging
 + Level 1.0 Stealth


You had 6 spell levels left.
You didn't know any spells.
Your spell library contained the following spells:

 Spells                   Type           Power      Damage    Failure   Level
 Call Canine Familiar     Summ           0%         N/A       100%        3
 Portal Projectile        Hex/Tloc       0%         N/A       100%        3
 Leda's Liquefaction      Hex/Erth       0%         N/A       100%        4


Dungeon Overview and Level Annotations

Branches:
Dungeon (6/15)             Temple (1/1) D:4

Altars:
Ashenzari
Cheibriados
Dithmenos
Elyvilon
Fedhas
Gozag
Hepliaklqana
Kikubaaqudgha
Makhleb
Nemelex Xobeh
Okawaru
Ru
Sif Muna
Trog
Vehumet
Xom
Yredelemnul
Zin
The Shining One

Shops:
D:4 ?

Annotations:
D:3 mcbry74's ghost, amateur MiFi


Message History

The centaur hits you but does no damage.
The centaur kicks you but does no damage.
You barely miss the centaur.
The centaur is heavily wounded.
The centaur hits you but does no damage.
The centaur kicks you but does no damage.
The black bear bites you but does no damage.
The black bear completely misses you.
The black bear claws you but does no damage.
The black bear attacks as you move away!
The black bear bites you.
The black bear claws you but does no damage.
The black bear claws you.
The centaur hits you but does no damage.
The centaur barely misses you. The orc wizard completely misses you.
The centaur hits you but does no damage.
The centaur kicks you but does no damage.
The centaur wields a +0 shortbow.
The centaur shoots an arrow.
The arrow barely misses you. The orc wizard casts a spell at you.
The magic dart hits you but does no damage.
The orc wizard hits you but does no damage.
The orc wizard attacks as you move away!
The orc wizard hits you with a +0 dagger.
The orc wizard casts a spell.
The orc wizard flickers and vanishes!
Deactivating autopickup; reactivate with Ctrl-A.
The centaur shoots an arrow.
The arrow hits you.
* * * LOW HITPOINT WARNING * * *
The black bear barely misses you. The black bear claws you.
* * * LOW HITPOINT WARNING * * *
The black bear claws you but does no damage.
The centaur shoots an arrow.
The arrow hits you.
* * * LOW HITPOINT WARNING * * *
There is a stone staircase leading up, spattered with blood here.
The black bear barely misses you.
The black bear claws you but does no damage.
The black bear completely misses you.
The centaur shoots an arrow.
The arrow hits you!
You die...

..# ?.... ...#
#...## . ....##
#....# .#
......##....####...
..................
..............#
#...c....##
...##...h.{...#
.......@#....#.#
.......####.....#
.##.... ##...#..
#.... #..# ##..#
### #.. ... ....


You could see a black bear and a centaur.

Vanquished Creatures
  A phantom (D:3)
  3 scorpions
  A jelly (D:5)
  An orc priest (D:4)
  Terence (D:2)
  An iguana (D:4)
  5 orc wizards
  9 adders
  A worm (D:3)
  18 orcs
  7 endoplasms
  2 giant cockroaches
  10 goblins
  9 hobgoblins
  2 jackals (D:4)
  A quokka (D:2)
  7 ball pythons
  9 bats
  8 frilled lizards
  6 kobolds
  A rat (D:3)
103 creatures vanquished.

Vanquished Creatures (others)
  An orc wizard (D:4)
1 creature vanquished.

Grand Total: 104 creatures vanquished

Notes
Turn   | Place    | Note
-------+----------+-------------------------------------------
     0 | D:1      | zagosky the Hill Orc Hunter began the quest for the Orb.
     0 | D:1      | Reached XP level 1. HP: 18/18 MP: 1/1
   201 | D:1      | Found a faded altar of an unknown god.
   279 | D:1      | Reached skill level 4 in Ranged Weapons
   279 | D:1      | Reached XP level 2. HP: 18/25 MP: 2/2
   847 | D:1      | Reached XP level 3. HP: 18/30 MP: 3/3
  1226 | D:2      | Reached skill level 1 in Armour
  1226 | D:2      | Reached XP level 4. HP: 37/37 MP: 4/4
  1236 | D:2      | Noticed Terence
  1257 | D:2      | HP: 1/37 [Terence/+0 falchion (4)]
  1259 | D:2      | Killed Terence
  2326 | D:3      | Found a runed translucent gate.
  2327 | D:3      | Noticed a phantom
  2329 | D:3      | Noticed mcbry74's ghost (amateur MiFi)
  2330 | D:3      | Found a runed translucent gate.
  2331 | D:3      | Found a runed translucent gate.
  2337 | D:3      | Reached XP level 5. HP: 38/45 MP: 5/5
  3069 | D:3      | Killed a phantom
  3070 | D:3      | Reached skill level 5 in Ranged Weapons
  3331 | D:4      | Reached XP level 6. HP: 41/51 MP: 6/6
  3400 | D:4      | Reached skill level 1 in Stealth
  3414 | D:4      | Found Pydiyl's Magic Scroll Shop.
  3451 | D:5      | Entered Level 5 of the Dungeon
  3793 | D:4      | Bought a scroll of identify for 24 gold pieces
  3793 | D:4      | Bought a scroll of identify for 24 gold pieces
  3982 | D:4      | Found a staircase to the Ecumenical Temple.
  4028 | Temple   | Entered the Ecumenical Temple
  4159 | D:4      | Reached skill level 1 in Polearms
  4848 | D:5      | Reached XP level 7. HP: 58/58 MP: 7/7
  5194 | D:5      | HP: 2/58 [orc wizard/magic dart (3)]
  5222 | D:5      | Reached skill level 6 in Ranged Weapons
  6589 | D:6      | Shot with an arrow by a centaur

Illustrated notes

Levels and vault maps discovered:
D:1:      eino_arrival_water_cross, layout_basic,
          shapermc_ecumenical_altar_acropolis
D:2:      layout_loops_ring, uniq_terence
D:3:      layout_rooms, gammafunk_ghost_split, supply_closet_lemuel
D:4:      cheibrodos_helix_gallery, layout_basic, minmay_temple_entry_junction,
          serial_shops, nicolae_shop_advertising_works
          [nicolae_subvault_shop_adworks]
D:5:      layout_basic, minmay_misc_feat_rows
D:6:      layout_layer_cave, nicolae_overflow_crystal_walls
Temple:   hellmonk_temple_of_storms

Skill      XL: |  1  2  3  4  5  6  7 |
---------------+----------------------+-----
Ranged Weapons | 4 5 6 |  6.3
Armour         | 1 2 3 4 |  4.1
Fighting       | 3 4 |  4.0
Stealth        | 1 |  1.0
Polearms       | 2 |  2.9
Dodging        | |  1.5

Action                   |  1- 3 |  4- 6 |  7- 9 || total
-------------------------+-------+-------+-------++-------
Melee: Spear             |       |    94 |    73 ||   167
       Punch             |       |     3 |     2 ||     5
 Fire: Shortbow          |    95 |   129 |    57 ||   281
  Use: Scroll            |       |    13 |     2 ||    15
       Potion            |       |       |     5 ||     5
Armor: Plate armour      |    90 |   164 |   172 ||   426
Dodge: Dodged            |    15 |    35 |    41 ||    91
